Blues vs Senateurs (R1)

Created - December 30, 2018 at 19:17

Goals
1 2 3 T
Blues 1 2 1 4
Senateurs 2 0 1 3
Shots
1 2 3 T
Blues 18 11 9 38
Senateurs 10 13 11 34

1st period

1. Blues , Ted Purcell 9 (Sergei Shirokov 15, Jake Gardiner 14) at 2:43
2. Senateurs , Brandon Dubinsky 10 (Cody Franson 10) at 7:18
3. Senateurs , Daniel Briere 10 (Marian Hossa 12, Brenden Morrow 11) at 8:01

Penalties :
Linus Omark (STL) for Goalie Interference (Minor) at 12:08, Ted Purcell (STL) for Tripping (Minor) at 16:25, Bryce Lampman (STL) for Hooking (Minor) at 16:33

2nd period

4. Blues , Alex Pietrangelo 6 (Nicklas Backstrom 34) at 12:33 (PP)
5. Blues , Bryce Lampman 2 (Nicklas Backstrom 35, Alex Pietrangelo 32) at 13:08

Penalties :
Alex Pietrangelo (STL) for Interference (Minor) at 3:23, Daniel Briere (Ott) for Hooking (Minor) at 3:51, Daniel Briere (Ott) for Delaying the game (Minor) at 7:15, Daniel Briere (Ott) for Hooking (Minor) at 12:15, Bobby Ryan (STL) for Holding (Minor) at 17:08

3rd period

6. Blues , Bryce Lampman 3 (Sergei Shirokov 16, Travis Zajac 7) at 14:07 (PP)
7. Senateurs , Thomas Vanek 14 (Evgeni Malkin 26) at 16:36 (PP)

Penalties :
Travis Zajac (STL) for Holding (Minor) at 0:37, Sergei Shirokov (STL) for Holding Stick (Minor) at 7:13, Vladimir Mihalik (Ott) for Roughing (Minor) at 10:09, Colby Armstrong (Ott) for Delaying the game (Minor) at 13:31, Sergei Shirokov (STL) for Hooking (Minor) at 16:23, Evgeni Malkin (Ott) for Slashing (Minor) at 17:23

Goalie Stats

Carey Price (STL), 31 saves from 34 shots - (0.912), W, 9-14-1, 60:00 minutes
Ondrej Pavelec (Ott), 34 saves from 38 shots - (0.895), L, 13-11-2, 59:38 minutes

Players Stats for Blues

Player Name              G  A  P  +/- PIM S  H  SB GA TA FO     MP     PP MP  PK MP  
------------------------------------------------------------------------------------
Alex Pietrangelo         1  1  2   1  2   6  2  4  0  1  0/0    28:20   4:46   6:14 
Bobby Ryan               0  0  0   0  2   2  0  1  0  0  0/1    18:38   4:28   0:00 
Bryce Lampman            2  0  2   1  2   6  1  5  0  1  0/0    27:06   2:37   5:32 
Cody Ceci                0  0  0   0  0   0  1  0  0  0  0/0    11:50   0:13   1:39 
Damien Brunner           0  0  0   0  0   0  0  0  0  0  0/0     5:53   0:00   0:00 
David Perron             0  0  0   0  0   3  2  1  1  0  1/1    19:18   2:51   1:06 
Filip Forsberg           0  0  0   0  0   2  0  0  1  0  1/2    10:14   4:28   0:00 
Jake Gardiner            0  1  1  -1  0   3  2  1  0  0  0/0    23:23   4:42   4:00 
Linus Omark              0  0  0   0  2   0  0  0  0  0  0/0     8:30   0:00   0:00 
Logan Couture            0  0  0   0  0   1  2  0  1  2  5/17   14:28   0:05   5:21 
Nick Leddy               0  0  0   0  0   0  0  0  1  0  0/0    13:57   2:24   0:18 
Nicklas Backstrom        0  2  2   0  0   4  0  1  3  1  18/36  21:32   4:27   1:45 
Patrick Kaleta           0  0  0   0  0   1  0  2  0  0  0/0    14:27   0:00   5:19 
Sergei Shirokov          0  2  2   0  4   3  2  1  0  0  1/2    13:56   2:47   0:00 
Ted Purcell              1  0  1   0  2   3  1  0  0  0  0/0    14:35   0:00   2:49 
Tomas Plekanec           0  0  0   0  0   0  1  2  0  0  1/4     5:43   0:00   0:09 
Travis Zajac             0  1  1   0  2   4  1  0  0  0  6/14   18:13   2:47   3:08 
Yann Sauvé               0  0  0  -1  0   0  2  1  0  0  0/0    15:43   0:00   3:44 

Players Stats for Senateurs

Player Name              G  A  P  +/- PIM S  H  SB GA TA FO     MP     PP MP  PK MP  
------------------------------------------------------------------------------------
Brandon Dubinsky         1  0  1   0  0   1  0  2  0  0  3/4    10:22   0:00   3:02 
Brenden Morrow           0  1  1   0  0   0  1  0  1  0  0/0    17:52   4:40   1:33 
Brooks Orpik             0  0  0   0  0   1  1  1  0  0  0/0    10:29   0:29   0:00 
Carlo Colaiacovo         0  0  0   0  0   0  1  1  0  0  0/0    20:17   4:26   2:19 
Chris Kunitz             0  0  0   0  0   1  0  0  0  0  0/0     6:08   0:00   0:00 
Cody Franson             0  1  1   0  0   2  0  0  0  0  0/0    20:17   4:26   2:19 
Cody Hodgson             0  0  0   0  0   1  1  0  0  0  6/9    10:02   0:14   0:00 
Colby Armstrong          0  0  0   0  2   3  0  1  0  1  0/2    18:14   4:40   0:00 
Dan Hamhuis              0  0  0   0  0   2  3  1  1  3  0/0    29:14   5:49   5:00 
Daniel Briere            1  0  1   0  6   1  4  0  0  0  6/14   16:13   4:39   0:55 
Evgeni Malkin            0  1  1   0  2   5  1  1  1  0  25/42  24:13   5:53   3:22 
Karl Alzner              0  0  0   0  0   2  2  0  1  0  0/0    29:14   5:49   5:00 
Marc-André Bernier       0  0  0   0  0   0  0  0  0  0  0/0     6:47   0:08   0:00 
Marian Hossa             0  1  1   0  0   1  0  0  1  1  1/2    16:56   5:53   0:56 
Radim Vrbata             0  0  0   0  0   0  1  0  0  0  1/1     9:28   0:11   0:00 
Sergei Kostitsyn         0  0  0   0  0   3  0  0  0  0  0/1     8:46   0:00   0:00 
Thomas Vanek             1  0  1   0  0   8  2  2  0  0  2/2    25:05   5:53   4:50 
Vladimir Mihalik         0  0  0   0  2   3  0  0  0  2  0/0    11:27   0:29   0:00 

3 Stars

1 - Bryce Lampman (STL)
2 - Alex Pietrangelo (STL)
3 - Thomas Vanek (Ott)

Power Play

Blues - 2 on 6 Attempt(s) - 33.33%
Senateurs - 1 on 8 Attempt(s) - 12.50%

Penalty Kill

Blues - 7 on 8 Attempt(s) - 87.50% - Score 0 goal in Penalty Kill
Senateurs - 4 on 6 Attempt(s) - 66.67% - Score 0 goal in Penalty Kill

Team Stat

Blues - Hits : 17 - Faceoff Wins : 33 - Blocked Shots : 19 - Penalty Minutes : 16
Senateurs - Hits : 17 - Faceoff Wins : 44 - Blocked Shots : 9 - Penalty Minutes : 12

Official

Referees : Unknown
Linesman : Unknown

Game Notes

No Game Note

Finance

Level 1 -- Attendance: 5511 (91.85%) -- Ticket Income $457,413
Level 2 -- Attendance: 5000 (100.00%) -- Ticket Income $265,000
Level 3 -- Attendance: 1913 (95.65%) -- Ticket Income $63,129
Level 4 -- Attendance: 3994 (99.85%) -- Ticket Income $91,862
Luxury Box -- Attendance: 915 (91.50%) -- Ticket Income $141,825
Game was played at the Place Banque Scotia.
Total Attendance: 17333 (96.29%)
Total Ticket Income: $1,019,229
Other Income: $152,884
Total Income: $1,172,113

Blues

5 vs 5 Forward 
   Center                   Left Wing                Right Wing               Time % Phy DF OF 
 1 Nicklas Backstrom        David Perron             Bobby Ryan               40     1   2  2  
 2 Travis Zajac             Ted Purcell              Sergei Shirokov          30     1   2  2  
 3 Logan Couture            Linus Omark              Patrick Kaleta           20     1   2  2  
 4 Tomas Plekanec           Filip Forsberg           Damien Brunner           10     1   2  2  

5 vs 5 Defense 
   Defense                  Defense                                           Time % Phy DF OF 
 1 Alex Pietrangelo         Bryce Lampman                                     40     1   2  2  
 2 Jake Gardiner            Yann Sauvé                                        30     1   2  2  
 3 Nick Leddy               Cody Ceci                                         20     1   2  2  
 4 Jake Gardiner            Bryce Lampman                                     10     1   2  2  

PowerPlay Forward 
   Center                   Left Wing                Right Wing               Time % Phy DF OF 
 1 Nicklas Backstrom        Filip Forsberg           Bobby Ryan               60     1   2  2  
 2 Travis Zajac             David Perron             Sergei Shirokov          40     1   2  2  

PowerPlay Defense
   Defense                  Defense                                           Time % Phy DF OF 
 1 Alex Pietrangelo         Jake Gardiner                                     60     1   2  2  
 2 Nick Leddy               Bryce Lampman                                     40     1   2  2  

Penalty Kill 4 Players Forward 
   Center                   Wing                     Time % Phy DF OF 
 1 Logan Couture            Patrick Kaleta           60     1   2  2  
 2 Travis Zajac             Ted Purcell              40     1   2  2  

Penalty Kill 4 Players Defense
   Defense                  Defense                  Time % Phy DF OF 
 1 Alex Pietrangelo         Bryce Lampman            60     1   2  2  
 2 Jake Gardiner            Yann Sauvé               40     1   2  2  

Penalty Kill - 3 Players Forward 
   Forward                                           Time % Phy DF OF 
 1 Travis Zajac                                      60     1   2  2  
 2 Logan Couture                                     40     1   2  2  

Penalty Kill - 3 Players Defense
   Defense                  Defense                  Time % Phy DF OF 
 1 Alex Pietrangelo         Bryce Lampman            60     1   2  2  
 2 Jake Gardiner            Yann Sauvé               40     1   2  2  

4 vs 4 Forward 
   Center                   Wing                     Time % Phy DF OF 
 1 Nicklas Backstrom        David Perron             60     1   2  2  
 2 Travis Zajac             Bobby Ryan               40     1   2  2  

4 vs 4 Defense
   Defense                  Defense                  Time % Phy DF OF 
 1 Alex Pietrangelo         Bryce Lampman            60     1   2  2  
 2 Jake Gardiner            Yann Sauvé               40     1   2  2  

Last Minutes Offensive
   Center                   Left Wing                Right Wing               Defense                  Defense                  
   Nicklas Backstrom        David Perron             Bobby Ryan               Alex Pietrangelo         Jake Gardiner            

Last Minutes Defensive
   Center                   Left Wing                Right Wing               Defense                  Defense                  
   Travis Zajac             Ted Purcell              Patrick Kaleta           Alex Pietrangelo         Bryce Lampman            

Goaltenders
Starting : Carey Price              
Backup : Ray Emery                

Extra Forwards
Normal : Logan Couture, Damien Brunner, Patrick Kaleta - PP : Logan Couture, Damien Brunner - PK : Patrick Kaleta
Extra Defensemen
Normal : Nick Leddy, Cody Ceci, Jake Gardiner - PP : Nick Leddy - PK : Cody Ceci, Jake Gardiner
Penalty Shots
David Perron, Ted Purcell, Nicklas Backstrom, Travis Zajac, Linus Omark

Scratches
None

Senateurs

5 vs 5 Forward 
   Center                   Left Wing                Right Wing               Time % Phy DF OF 
 1 Evgeni Malkin            Thomas Vanek             Colby Armstrong          40     1   2  2  
 2 Daniel Briere            Brenden Morrow           Marian Hossa             30     1   2  2  
 3 Cody Hodgson             Sergei Kostitsyn         Radim Vrbata             20     1   2  2  
 4 Brandon Dubinsky         Chris Kunitz             Marc-André Bernier       10     1   2  2  

5 vs 5 Defense 
   Defense                  Defense                                           Time % Phy DF OF 
 1 Dan Hamhuis              Karl Alzner                                       40     1   2  2  
 2 Cody Franson             Carlo Colaiacovo                                  30     1   2  2  
 3 Vladimir Mihalik         Brooks Orpik                                      20     1   2  2  
 4 Dan Hamhuis              Karl Alzner                                       10     1   2  2  

PowerPlay Forward 
   Center                   Left Wing                Right Wing               Time % Phy DF OF 
 1 Evgeni Malkin            Thomas Vanek             Marian Hossa             60     1   2  2  
 2 Daniel Briere            Brenden Morrow           Colby Armstrong          40     1   2  2  

PowerPlay Defense
   Defense                  Defense                                           Time % Phy DF OF 
 1 Dan Hamhuis              Karl Alzner                                       60     1   2  2  
 2 Cody Franson             Carlo Colaiacovo                                  40     1   2  2  

Penalty Kill 4 Players Forward 
   Center                   Wing                     Time % Phy DF OF 
 1 Evgeni Malkin            Thomas Vanek             60     1   2  2  
 2 Daniel Briere            Marian Hossa             40     1   2  2  

Penalty Kill 4 Players Defense
   Defense                  Defense                  Time % Phy DF OF 
 1 Dan Hamhuis              Karl Alzner              60     1   2  2  
 2 Cody Franson             Carlo Colaiacovo         40     1   2  2  

Penalty Kill - 3 Players Forward 
   Forward                                           Time % Phy DF OF 
 1 Evgeni Malkin                                     60     1   2  2  
 2 Thomas Vanek                                      40     1   2  2  

Penalty Kill - 3 Players Defense
   Defense                  Defense                  Time % Phy DF OF 
 1 Dan Hamhuis              Karl Alzner              60     1   2  2  
 2 Cody Franson             Carlo Colaiacovo         40     1   2  2  

4 vs 4 Forward 
   Center                   Wing                     Time % Phy DF OF 
 1 Evgeni Malkin            Thomas Vanek             60     1   2  2  
 2 Daniel Briere            Marian Hossa             40     1   2  2  

4 vs 4 Defense
   Defense                  Defense                  Time % Phy DF OF 
 1 Dan Hamhuis              Karl Alzner              60     1   2  2  
 2 Cody Franson             Carlo Colaiacovo         40     1   2  2  

Last Minutes Offensive
   Center                   Left Wing                Right Wing               Defense                  Defense                  
   Evgeni Malkin            Thomas Vanek             Marian Hossa             Dan Hamhuis              Karl Alzner              

Last Minutes Defensive
   Center                   Left Wing                Right Wing               Defense                  Defense                  
   Evgeni Malkin            Thomas Vanek             Marian Hossa             Dan Hamhuis              Karl Alzner              

Goaltenders
Starting : Ondrej Pavelec           
Backup : Jeff Deslauriers         

Extra Forwards
Normal : Cody Hodgson, Radim Vrbata, Brandon Dubinsky - PP : Cody Hodgson, Radim Vrbata - PK : Brandon Dubinsky
Extra Defensemen
Normal : Vladimir Mihalik, Brooks Orpik, Cody Franson - PP : Vladimir Mihalik - PK : Brooks Orpik, Cody Franson
Penalty Shots
Evgeni Malkin, Thomas Vanek, Daniel Briere, Marian Hossa, Brenden Morrow

Scratches
None


% Time on Ice - Blues

Lines # - Real PCT - Wanted PCT - Time Play
Normal Forward
1 - 37% - 40% - 14:53
2 - 28% - 30% - 11:11
3 - 21% - 20% - 8:11
4 - 14% - 10% - 5:34
Normal Defense
1 - 44% - 40% - 17:33
2 - 29% - 30% - 11:37
3 - 24% - 20% - 9:28
4 - 3% - 10% - 1:11
PP Forward
1 - 62% - 60% - 4:32
2 - 38% - 40% - 2:47
PP Defense
1 - 67% - 60% - 4:55
2 - 33% - 40% - 2:24
PK Forward
1 - 69% - 60% - 6:08
2 - 31% - 40% - 2:45
PK Defense
1 - 64% - 60% - 5:41
2 - 36% - 40% - 3:12
PK3 Forward
1 - 78% - 60% - 1:27
2 - 22% - 40% - 0:24
PK3 Defense
1 - 71% - 60% - 1:19
2 - 29% - 40% - 0:32
44 Forward
1 - 86% - 60% - 1:18
2 - 14% - 40% - 0:13
44 Defense
1 - 76% - 60% - 1:09
2 - 24% - 40% - 0:22
Last Minute Offensive  - 0:00
Last Minute Defensive  - 0:37
Total
Forward - 60:00
Defense - 60:00

% Time on Ice - Senateurs

Lines # - Real PCT - Wanted PCT - Time Play
Normal Forward
1 - 39% - 40% - 15:42
2 - 24% - 30% - 9:50
3 - 22% - 20% - 8:46
4 - 15% - 10% - 6:08
Normal Defense
1 - 41% - 40% - 16:42
2 - 31% - 30% - 12:40
3 - 25% - 20% - 10:00
4 - 3% - 10% - 1:04
PP Forward
1 - 57% - 60% - 6:04
2 - 43% - 40% - 4:40
PP Defense
1 - 59% - 60% - 6:18
2 - 41% - 40% - 4:26
PK Forward
1 - 87% - 60% - 6:23
2 - 13% - 40% - 0:56
PK Defense
1 - 68% - 60% - 5:00
2 - 32% - 40% - 2:19
PK3 Forward
1 - 0% - 60%
2 - 0% - 40%
PK3 Defense
1 - 0% - 60%
2 - 0% - 40%
44 Forward
1 - 66% - 60% - 1:00
2 - 34% - 40% - 0:31
44 Defense
1 - 43% - 60% - 0:39
2 - 57% - 40% - 0:52
Last Minute Offensive  - 0:00
Last Minute Defensive  - 0:00
Total
Forward - 60:00
Defense - 60:00

Play by Play

1st period


0:01 of 1st period - Nicklas Backstrom wins face-off versus Colby Armstrong in neutral zone.
0:16 of 1st period - Off-side.
0:17 of 1st period - Daniel Briere wins face-off versus Travis Zajac in neutral zone.
0:28 of 1st period - Snap shot by Marian Hossa.
0:28 of 1st period - Stopped by Carey Price without a rebound.
0:29 of 1st period - Radim Vrbata wins face-off versus Logan Couture in Blues zone.
0:30 of 1st period - Wrist shot by Sergei Kostitsyn.
0:30 of 1st period - Shot Misses the Net.
0:32 of 1st period - Slapshot by Brooks Orpik.
0:32 of 1st period - Deflect By Patrick Kaleta.
0:32 of 1st period - Stopped by Carey Price with a rebound.
0:34 of 1st period - Slapshot by Vladimir Mihalik.
0:34 of 1st period - Stopped by Carey Price without a rebound.
0:35 of 1st period - Cody Hodgson wins face-off versus Logan Couture in Blues zone.
1:02 of 1st period - Brooks Orpik is hit by Cody Ceci and loses puck.
1:34 of 1st period - Slapshot by Alex Pietrangelo.
1:34 of 1st period - Shot Misses the Net.
1:52 of 1st period - Snap shot by Alex Pietrangelo.
1:52 of 1st period - Stopped by Ondrej Pavelec with a rebound.
2:06 of 1st period - Wrist shot by Radim Vrbata.
2:06 of 1st period - Shot Misses the Net.
2:41 of 1st period - Wrist shot by Ted Purcell.
2:41 of 1st period - Shot Blocked by Brandon Dubinsky.
2:43 of 1st period - Slapshot by Ted Purcell.
2:43 of 1st period - Goal by Ted Purcell - Blues : 1 - Senateurs : 0.
2:44 of 1st period - Nicklas Backstrom wins face-off versus Daniel Briere in neutral zone.
2:49 of 1st period - Snap shot by Nicklas Backstrom.
2:49 of 1st period - Stopped by Ondrej Pavelec without a rebound.
2:50 of 1st period - Nicklas Backstrom wins face-off versus Daniel Briere in Senateurs zone.
3:10 of 1st period - Icing by Daniel Briere.
3:11 of 1st period - Travis Zajac wins face-off versus Daniel Briere in Senateurs zone.
3:12 of 1st period - Slapshot by Alex Pietrangelo.
3:12 of 1st period - Shot Hit the Post.
3:14 of 1st period - Slapshot by Bryce Lampman.
3:14 of 1st period - Deflect By Sergei Shirokov.
3:14 of 1st period - Stopped by Ondrej Pavelec with a rebound.
3:22 of 1st period - Wrist shot by Ted Purcell.
3:22 of 1st period - Shot Misses the Net.
3:24 of 1st period - Slapshot by Bryce Lampman.
3:24 of 1st period - Stopped by Ondrej Pavelec with a rebound.
3:26 of 1st period - Slapshot by Bryce Lampman.
3:26 of 1st period - Stopped by Ondrej Pavelec without a rebound.
3:27 of 1st period - Evgeni Malkin wins face-off versus Nicklas Backstrom in Senateurs zone.
3:27 of 1st period - Evgeni Malkin is hit by Yann Sauvé.
3:52 of 1st period - Radim Vrbata is hit by Jake Gardiner and loses puck.
5:59 of 1st period - Wrist shot by Filip Forsberg.
5:59 of 1st period - Stopped by Ondrej Pavelec with a rebound.
6:01 of 1st period - Backhand shot by Jake Gardiner.
6:01 of 1st period - Stopped by Ondrej Pavelec with a rebound.
6:19 of 1st period - Cody Franson is hit by Bryce Lampman and loses puck.
6:34 of 1st period - Sergei Kostitsyn is hit by Alex Pietrangelo and loses puck.
7:12 of 1st period - Off-side.
7:13 of 1st period - Brandon Dubinsky wins face-off versus Nicklas Backstrom in neutral zone.
7:16 of 1st period - Slapshot by Cody Franson.
7:16 of 1st period - Shot Blocked by Jake Gardiner.
7:18 of 1st period - Wrist shot by Brandon Dubinsky.
7:18 of 1st period - Goal by Brandon Dubinsky - Blues : 1 - Senateurs : 1.
7:19 of 1st period - Evgeni Malkin wins face-off versus Nicklas Backstrom in neutral zone.
7:23 of 1st period - Off-side.
7:24 of 1st period - Evgeni Malkin wins face-off versus Nicklas Backstrom in neutral zone.
7:27 of 1st period - Jake Gardiner is hit by Karl Alzner.
8:01 of 1st period - Backhand shot by Daniel Briere.
8:01 of 1st period - Goal by Daniel Briere - Blues : 1 - Senateurs : 2.
8:02 of 1st period - Nicklas Backstrom wins face-off versus Evgeni Malkin in neutral zone.
8:05 of 1st period - Snap shot by Jake Gardiner.
8:05 of 1st period - Stopped by Ondrej Pavelec with a rebound.
8:16 of 1st period - Off-side.
8:17 of 1st period - Evgeni Malkin wins face-off versus Travis Zajac in neutral zone.
9:12 of 1st period - Slapshot by Alex Pietrangelo.
9:12 of 1st period - Stopped by Ondrej Pavelec without a rebound.
9:13 of 1st period - Travis Zajac wins face-off versus Evgeni Malkin in Senateurs zone.
9:22 of 1st period - Wrist shot by Thomas Vanek.
9:22 of 1st period - Shot Blocked by Sergei Shirokov.
9:30 of 1st period - Wrist shot by Sergei Shirokov.
9:30 of 1st period - Shot Blocked by Thomas Vanek.
9:40 of 1st period - Bobby Ryan is hit by Brenden Morrow and loses puck.
9:47 of 1st period - Snap shot by Daniel Briere.
9:47 of 1st period - Shot Misses the Net.
9:49 of 1st period - Slapshot by Vladimir Mihalik.
9:49 of 1st period - Shot Blocked by Bobby Ryan.
10:05 of 1st period - Wrist shot by Sergei Kostitsyn.
10:05 of 1st period - Stopped by Carey Price without a rebound.
10:06 of 1st period - Cody Hodgson wins face-off versus Tomas Plekanec in Blues zone.
10:17 of 1st period - Wrist shot by Radim Vrbata.
10:17 of 1st period - Shot Blocked by Tomas Plekanec.
10:25 of 1st period - Slapshot by Bryce Lampman.
10:25 of 1st period - Stopped by Ondrej Pavelec without a rebound.
10:26 of 1st period - Nicklas Backstrom wins face-off versus Evgeni Malkin in Senateurs zone.
10:39 of 1st period - Wrist shot by Thomas Vanek.
10:39 of 1st period - Deflect By Evgeni Malkin.
10:39 of 1st period - Shot Misses the Net.
10:39 of 1st period - Puck is out of play.
10:40 of 1st period - Travis Zajac wins face-off versus Evgeni Malkin in Blues zone.
10:47 of 1st period - Snap shot by Alex Pietrangelo.
10:47 of 1st period - Deflect By Colby Armstrong.
10:47 of 1st period - Stopped by Ondrej Pavelec without a rebound.
10:48 of 1st period - Sergei Shirokov wins face-off versus Evgeni Malkin in Senateurs zone.
10:55 of 1st period - Snap shot by Sergei Shirokov.
10:55 of 1st period - Shot Misses the Net.
10:57 of 1st period - Slapshot by Alex Pietrangelo.
10:57 of 1st period - Stopped by Ondrej Pavelec with a rebound.
11:05 of 1st period - Wrist shot by Sergei Shirokov.
11:05 of 1st period - Stopped by Ondrej Pavelec with a rebound.
11:23 of 1st period - Snap shot by Ted Purcell.
11:23 of 1st period - Shot Blocked by Dan Hamhuis.
11:25 of 1st period - Slapshot by Bryce Lampman.
11:25 of 1st period - Stopped by Ondrej Pavelec without a rebound.
11:26 of 1st period - Nicklas Backstrom wins face-off versus Daniel Briere in Senateurs zone.
11:33 of 1st period - Slapshot by Nicklas Backstrom.
11:33 of 1st period - Stopped by Ondrej Pavelec without a rebound.
11:34 of 1st period - Nicklas Backstrom wins face-off versus Daniel Briere in Senateurs zone.
11:39 of 1st period - Snap shot by David Perron.
11:39 of 1st period - Stopped by Ondrej Pavelec without a rebound.
11:40 of 1st period - Evgeni Malkin wins face-off versus Nicklas Backstrom in Senateurs zone.
11:47 of 1st period - Slapshot by Thomas Vanek.
11:47 of 1st period - Stopped by Carey Price with a rebound.
11:53 of 1st period - Snap shot by Colby Armstrong.
11:53 of 1st period - Stopped by Carey Price without a rebound.
11:54 of 1st period - Daniel Briere wins face-off versus Logan Couture in Blues zone.
12:08 of 1st period - Minor Penalty to Linus Omark for Goalie Interference.
12:09 of 1st period - Logan Couture wins face-off versus Evgeni Malkin in Blues zone.
12:09 of 1st period - Logan Couture is hit by Thomas Vanek.
12:34 of 1st period - Alex Pietrangelo is hit by Daniel Briere and loses puck.
14:08 of 1st period - Penalty to Linus Omark is over, Linus Omark is back on ice.
14:27 of 1st period - Off-side.
14:28 of 1st period - Cody Hodgson wins face-off versus Tomas Plekanec in neutral zone.
15:09 of 1st period - Snap shot by Ted Purcell.
15:09 of 1st period - Shot Blocked by Brooks Orpik.
15:29 of 1st period - Snap shot by Nicklas Backstrom.
15:29 of 1st period - Stopped by Ondrej Pavelec without a rebound.
15:30 of 1st period - Daniel Briere wins face-off versus Logan Couture in Senateurs zone.
15:34 of 1st period - Off-side.
15:35 of 1st period - Logan Couture wins face-off versus Marian Hossa in neutral zone.
16:04 of 1st period - Slapshot by Thomas Vanek.
16:04 of 1st period - Stopped by Carey Price with a rebound.
16:06 of 1st period - Wrist shot by Evgeni Malkin.
16:06 of 1st period - Shot Misses the Net.
16:08 of 1st period - Slapshot by Karl Alzner.
16:08 of 1st period - Deflect By Thomas Vanek.
16:08 of 1st period - Deflect By David Perron.
16:08 of 1st period - Stopped by Carey Price without a rebound.
16:09 of 1st period - Evgeni Malkin wins face-off versus Travis Zajac in Blues zone.
16:25 of 1st period - Minor Penalty to Ted Purcell for Tripping.
16:26 of 1st period - Evgeni Malkin wins face-off versus Logan Couture in Blues zone.
16:33 of 1st period - Minor Penalty to Bryce Lampman for Hooking.
16:34 of 1st period - Thomas Vanek wins face-off versus Travis Zajac in Blues zone.
18:25 of 1st period - Penalty to Ted Purcell is over, Ted Purcell is back on ice.
18:33 of 1st period - Penalty to Bryce Lampman is over, Bryce Lampman is back on ice.
18:38 of 1st period - Logan Couture is hit by Radim Vrbata and loses puck.
19:27 of 1st period - Snap shot by Sergei Kostitsyn.
19:27 of 1st period - Shot Misses the Net.
19:37 of 1st period - Thomas Vanek is hit by Sergei Shirokov and loses puck.
19:56 of 1st period - Logan Couture is hit by Daniel Briere and loses puck.
Goals for this period are 1 for Blues vs 2 for Senateurs.
Shots for this period are 18 for Blues vs 10 for Senateurs.

2nd period


0:01 of 2nd period - Evgeni Malkin wins face-off versus Nicklas Backstrom in neutral zone.
0:26 of 2nd period - Travis Zajac is hit by Daniel Briere and loses puck.
0:55 of 2nd period - Slapshot by Alex Pietrangelo.
0:55 of 2nd period - Shot Misses the Net.
0:57 of 2nd period - Slapshot by Alex Pietrangelo.
0:57 of 2nd period - Stopped by Ondrej Pavelec with a rebound.
0:59 of 2nd period - Wrist shot by Logan Couture.
0:59 of 2nd period - Stopped by Ondrej Pavelec without a rebound.
1:00 of 2nd period - Nicklas Backstrom wins face-off versus Evgeni Malkin in Senateurs zone.
1:46 of 2nd period - Off-side.
1:47 of 2nd period - Cody Hodgson wins face-off versus Logan Couture in neutral zone.
3:04 of 2nd period - Wrist shot by Marc-André Bernier.
3:04 of 2nd period - Shot Misses the Net.
3:06 of 2nd period - Snap shot by Brandon Dubinsky.
3:06 of 2nd period - Shot Misses the Net.
3:08 of 2nd period - Wrist shot by Dan Hamhuis.
3:08 of 2nd period - Stopped by Carey Price without a rebound.
3:09 of 2nd period - Evgeni Malkin wins face-off versus Nicklas Backstrom in Blues zone.
3:23 of 2nd period - Minor Penalty to Alex Pietrangelo for Interference.
3:24 of 2nd period - Logan Couture wins face-off versus Evgeni Malkin in Blues zone.
3:24 of 2nd period - Logan Couture is hit by Dan Hamhuis.
3:51 of 2nd period - Minor Penalty to Daniel Briere for Hooking.
3:52 of 2nd period - Nicklas Backstrom wins face-off versus Evgeni Malkin in Senateurs zone.
3:57 of 2nd period - Snap shot by Nicklas Backstrom.
3:57 of 2nd period - Stopped by Ondrej Pavelec with a rebound.
4:04 of 2nd period - Off-side.
4:05 of 2nd period - Evgeni Malkin wins face-off versus Nicklas Backstrom in neutral zone.
4:12 of 2nd period - Slapshot by Dan Hamhuis.
4:12 of 2nd period - Shot Blocked by David Perron.
4:16 of 2nd period - Snap shot by Evgeni Malkin.
4:16 of 2nd period - Shot Blocked by Nicklas Backstrom.
4:18 of 2nd period - Slapshot by Karl Alzner.
4:18 of 2nd period - Stopped by Carey Price with a rebound.
4:20 of 2nd period - Slapshot by Dan Hamhuis.
4:20 of 2nd period - Stopped by Carey Price with a rebound.
5:23 of 2nd period - Penalty to Alex Pietrangelo is over, Alex Pietrangelo is back on ice.
5:51 of 2nd period - Penalty to Daniel Briere is over, Daniel Briere is back on ice.
5:58 of 2nd period - Dan Hamhuis is hit by Logan Couture and loses puck.
6:11 of 2nd period - Snap shot by Travis Zajac.
6:11 of 2nd period - Shot Misses the Net.
6:13 of 2nd period - Snap shot by Travis Zajac.
6:13 of 2nd period - Stopped by Ondrej Pavelec with a rebound.
6:27 of 2nd period - Dan Hamhuis is hit by Yann Sauvé and loses puck.
6:32 of 2nd period - Slapshot by Logan Couture.
6:32 of 2nd period - Deflect By Linus Omark.
6:32 of 2nd period - Shot Misses the Net.
6:32 of 2nd period - Puck is out of play.
6:33 of 2nd period - Tomas Plekanec wins face-off versus Sergei Kostitsyn in Senateurs zone.
6:58 of 2nd period - Wrist shot by Nick Leddy.
6:58 of 2nd period - Shot Blocked by Colby Armstrong.
7:12 of 2nd period - Wrist shot by David Perron.
7:12 of 2nd period - Stopped by Ondrej Pavelec without a rebound.
7:13 of 2nd period - Daniel Briere wins face-off versus Travis Zajac in Senateurs zone.
7:15 of 2nd period - Minor Penalty to Daniel Briere for Delaying the game.
7:16 of 2nd period - Evgeni Malkin wins face-off versus Filip Forsberg in Senateurs zone.
7:16 of 2nd period - Evgeni Malkin is hit by Alex Pietrangelo.
8:05 of 2nd period - Off-side.
8:06 of 2nd period - Brandon Dubinsky wins face-off versus Nicklas Backstrom in neutral zone.
8:41 of 2nd period - Wrist shot by David Perron.
8:41 of 2nd period - Shot Blocked by Carlo Colaiacovo.
9:15 of 2nd period - Penalty to Daniel Briere is over, Daniel Briere is back on ice.
10:59 of 2nd period - Icing by Travis Zajac.
11:00 of 2nd period - Travis Zajac wins face-off versus Evgeni Malkin in Blues zone.
11:09 of 2nd period - Wrist shot by Evgeni Malkin.
11:09 of 2nd period - Shot Blocked by Bryce Lampman.
11:11 of 2nd period - Snap shot by Thomas Vanek.
11:11 of 2nd period - Stopped by Carey Price with a rebound.
11:13 of 2nd period - Wrist shot by Evgeni Malkin.
11:13 of 2nd period - Stopped by Carey Price with a rebound.
11:15 of 2nd period - Snap shot by Thomas Vanek.
11:15 of 2nd period - Deflect By Colby Armstrong.
11:15 of 2nd period - Stopped by Carey Price without a rebound.
11:16 of 2nd period - Nicklas Backstrom wins face-off versus Daniel Briere in Blues zone.
11:27 of 2nd period - Yann Sauvé is hit by Daniel Briere and loses puck.
11:32 of 2nd period - Snap shot by Daniel Briere.
11:32 of 2nd period - Shot Misses the Net.
11:51 of 2nd period - Slapshot by Sergei Shirokov.
11:51 of 2nd period - Stopped by Ondrej Pavelec without a rebound.
11:52 of 2nd period - Daniel Briere wins face-off versus Travis Zajac in Senateurs zone.
12:15 of 2nd period - Minor Penalty to Daniel Briere for Hooking.
12:16 of 2nd period - Evgeni Malkin wins face-off versus Bobby Ryan in Senateurs zone.
12:33 of 2nd period - Slapshot by Alex Pietrangelo.
12:33 of 2nd period - Goal by Alex Pietrangelo - Blues : 2 - Senateurs : 2.
12:34 of 2nd period - Evgeni Malkin wins face-off versus Nicklas Backstrom in neutral zone.
12:37 of 2nd period - Slapshot by Dan Hamhuis.
12:37 of 2nd period - Shot Blocked by Bryce Lampman.
12:39 of 2nd period - Wrist shot by Evgeni Malkin.
12:39 of 2nd period - Deflect By Colby Armstrong.
12:39 of 2nd period - Shot Misses the Net.
12:39 of 2nd period - Puck is out of play.
12:40 of 2nd period - Nicklas Backstrom wins face-off versus Evgeni Malkin in Blues zone.
12:40 of 2nd period - Nicklas Backstrom is hit by Thomas Vanek.
12:48 of 2nd period - Wrist shot by Evgeni Malkin.
12:48 of 2nd period - Stopped by Carey Price with a rebound.
12:50 of 2nd period - Snap shot by Colby Armstrong.
12:50 of 2nd period - Shot Blocked by Bryce Lampman.
12:52 of 2nd period - Slapshot by Colby Armstrong.
12:52 of 2nd period - Stopped by Carey Price with a rebound.
12:54 of 2nd period - Wrist shot by Evgeni Malkin.
12:54 of 2nd period - Stopped by Carey Price without a rebound.
12:55 of 2nd period - Nicklas Backstrom wins face-off versus Daniel Briere in Blues zone.
13:06 of 2nd period - Wrist shot by Nicklas Backstrom.
13:06 of 2nd period - Shot Misses the Net.
13:08 of 2nd period - Slapshot by Bryce Lampman.
13:08 of 2nd period - Goal by Bryce Lampman - Blues : 3 - Senateurs : 2.
13:09 of 2nd period - Nicklas Backstrom wins face-off versus Evgeni Malkin in neutral zone.
13:41 of 2nd period - Slapshot by Cody Franson.
13:41 of 2nd period - Shot Misses the Net.
13:43 of 2nd period - Slapshot by Carlo Colaiacovo.
13:43 of 2nd period - Shot Misses the Net.
13:59 of 2nd period - Wrist shot by Sergei Kostitsyn.
13:59 of 2nd period - Shot Misses the Net.
14:03 of 2nd period - Wrist shot by Cody Hodgson.
14:03 of 2nd period - Stopped by Carey Price with a rebound.
14:13 of 2nd period - Slapshot by Patrick Kaleta.
14:13 of 2nd period - Stopped by Ondrej Pavelec with a rebound.
14:15 of 2nd period - Wrist shot by Filip Forsberg.
14:15 of 2nd period - Stopped by Ondrej Pavelec with a rebound.
14:17 of 2nd period - Slapshot by Tomas Plekanec.
14:17 of 2nd period - Shot Misses the Net.
14:19 of 2nd period - Snap shot by Damien Brunner.
14:19 of 2nd period - Shot Misses the Net.
14:21 of 2nd period - Slapshot by Alex Pietrangelo.
14:21 of 2nd period - Deflect By Filip Forsberg.
14:21 of 2nd period - Shot Misses the Net.
14:21 of 2nd period - Puck is out of play.
14:22 of 2nd period - David Perron wins face-off versus Evgeni Malkin in Senateurs zone.
14:25 of 2nd period - Wrist shot by Nicklas Backstrom.
14:25 of 2nd period - Shot Misses the Net.
14:27 of 2nd period - Snap shot by Bobby Ryan.
14:27 of 2nd period - Shot Blocked by Evgeni Malkin.
14:29 of 2nd period - Backhand shot by Bobby Ryan.
14:29 of 2nd period - Shot Misses the Net.
14:31 of 2nd period - Backhand shot by Yann Sauvé.
14:31 of 2nd period - Shot Blocked by Thomas Vanek.
14:33 of 2nd period - Wrist shot by Bobby Ryan.
14:33 of 2nd period - Stopped by Ondrej Pavelec with a rebound.
14:35 of 2nd period - Backhand shot by Nicklas Backstrom.
14:35 of 2nd period - Deflect By David Perron.
14:35 of 2nd period - Shot Misses the Net.
14:35 of 2nd period - Puck is out of play.
14:36 of 2nd period - Evgeni Malkin wins face-off versus Nicklas Backstrom in Senateurs zone.
14:36 of 2nd period - Evgeni Malkin is hit by Jake Gardiner.
15:44 of 2nd period - Karl Alzner is hit by David Perron and loses puck.
15:57 of 2nd period - Slapshot by Karl Alzner.
15:57 of 2nd period - Deflect By Chris Kunitz.
15:57 of 2nd period - Stopped by Carey Price with a rebound.
16:40 of 2nd period - Cody Franson is hit by Tomas Plekanec and loses puck.
17:08 of 2nd period - Minor Penalty to Bobby Ryan for Holding.
17:09 of 2nd period - Marian Hossa wins face-off versus Logan Couture in Blues zone.
17:12 of 2nd period - Snap shot by Evgeni Malkin.
17:12 of 2nd period - Shot Blocked by Patrick Kaleta.
17:22 of 2nd period - Slapshot by Cody Franson.
17:22 of 2nd period - Shot Misses the Net.
17:46 of 2nd period - Snap shot by Brenden Morrow.
17:46 of 2nd period - Shot Blocked by Alex Pietrangelo.
19:08 of 2nd period - Penalty to Bobby Ryan is over, Bobby Ryan is back on ice.
19:24 of 2nd period - Wrist shot by Nicklas Backstrom.
19:24 of 2nd period - Shot Misses the Net.
19:30 of 2nd period - Bobby Ryan is hit by Dan Hamhuis and loses puck.
19:45 of 2nd period - Snap shot by Cody Hodgson.
19:45 of 2nd period - Shot Blocked by Tomas Plekanec.
19:47 of 2nd period - Slapshot by Vladimir Mihalik.
19:47 of 2nd period - Stopped by Carey Price without a rebound.
19:48 of 2nd period - Cody Hodgson wins face-off versus Tomas Plekanec in Blues zone.
19:53 of 2nd period - Snap shot by Radim Vrbata.
19:53 of 2nd period - Shot Misses the Net.
19:55 of 2nd period - Snap shot by Sergei Kostitsyn.
19:55 of 2nd period - Stopped by Carey Price with a rebound.
19:57 of 2nd period - Slapshot by Cody Franson.
19:57 of 2nd period - Shot Misses the Net.
19:59 of 2nd period - Slapshot by Carlo Colaiacovo.
19:59 of 2nd period - Shot Misses the Net.
Goals for this period are 2 for Blues vs 0 for Senateurs.
Shots for this period are 11 for Blues vs 13 for Senateurs.

3rd period


0:01 of 3rd period - Nicklas Backstrom wins face-off versus Evgeni Malkin in neutral zone.
0:35 of 3rd period - Snap shot by Marian Hossa.
0:35 of 3rd period - Shot Misses the Net.
0:37 of 3rd period - Minor Penalty to Travis Zajac for Holding.
0:38 of 3rd period - Evgeni Malkin wins face-off versus Logan Couture in Blues zone.
0:51 of 3rd period - Slapshot by Evgeni Malkin.
0:51 of 3rd period - Shot Blocked by Bryce Lampman.
1:47 of 3rd period - Colby Armstrong is hit by Ted Purcell.
2:37 of 3rd period - Penalty to Travis Zajac is over, Travis Zajac is back on ice.
2:47 of 3rd period - Jake Gardiner is hit by Cody Hodgson and loses puck.
3:23 of 3rd period - Snap shot by Ted Purcell.
3:23 of 3rd period - Stopped by Ondrej Pavelec with a rebound.
3:27 of 3rd period - Snap shot by Travis Zajac.
3:27 of 3rd period - Stopped by Ondrej Pavelec without a rebound.
3:28 of 3rd period - Evgeni Malkin wins face-off versus Travis Zajac in Senateurs zone.
4:50 of 3rd period - Sergei Shirokov is hit by Brooks Orpik and loses puck.
5:56 of 3rd period - Nick Leddy is hit by Carlo Colaiacovo and loses puck.
6:26 of 3rd period - Cody Franson is hit by Logan Couture and loses puck.
6:30 of 3rd period - Icing by Cody Franson.
6:31 of 3rd period - Nicklas Backstrom wins face-off versus Cody Hodgson in Senateurs zone.
6:34 of 3rd period - Backhand shot by David Perron.
6:34 of 3rd period - Stopped by Ondrej Pavelec with a rebound.
6:58 of 3rd period - Snap shot by Evgeni Malkin.
6:58 of 3rd period - Stopped by Carey Price without a rebound.
6:59 of 3rd period - Evgeni Malkin wins face-off versus Sergei Shirokov in Blues zone.
7:06 of 3rd period - Slapshot by Colby Armstrong.
7:06 of 3rd period - Shot Blocked by Bryce Lampman.
7:13 of 3rd period - Minor Penalty to Sergei Shirokov for Holding Stick.
7:14 of 3rd period - Evgeni Malkin wins face-off versus Logan Couture in Blues zone.
7:30 of 3rd period - Slapshot by Karl Alzner.
7:30 of 3rd period - Stopped by Carey Price without a rebound.
7:31 of 3rd period - Evgeni Malkin wins face-off versus Logan Couture in Blues zone.
7:34 of 3rd period - Slapshot by Evgeni Malkin.
7:34 of 3rd period - Stopped by Carey Price with a rebound.
7:36 of 3rd period - Slapshot by Dan Hamhuis.
7:36 of 3rd period - Shot Blocked by Alex Pietrangelo.
7:58 of 3rd period - Bryce Lampman is hit by Dan Hamhuis and loses puck.
9:05 of 3rd period - Brenden Morrow is hit by Travis Zajac and loses puck.
9:13 of 3rd period - Penalty to Sergei Shirokov is over, Sergei Shirokov is back on ice.
9:22 of 3rd period - Wrist shot by Bobby Ryan.
9:22 of 3rd period - Stopped by Ondrej Pavelec with a rebound.
9:28 of 3rd period - Cody Ceci is hit by Karl Alzner.
10:04 of 3rd period - Backhand shot by Travis Zajac.
10:04 of 3rd period - Stopped by Ondrej Pavelec with a rebound.
10:09 of 3rd period - Minor Penalty to Vladimir Mihalik for Roughing.
10:10 of 3rd period - Nicklas Backstrom wins face-off versus Evgeni Malkin in Senateurs zone.
10:20 of 3rd period - Wrist shot by Evgeni Malkin.
10:20 of 3rd period - Deflect By Thomas Vanek.
10:20 of 3rd period - Shot Blocked by Alex Pietrangelo.
10:20 of 3rd period - Puck is out of play.
10:21 of 3rd period - Evgeni Malkin wins face-off versus Nicklas Backstrom in Blues zone.
10:30 of 3rd period - Snap shot by Thomas Vanek.
10:30 of 3rd period - Shot Misses the Net.
10:35 of 3rd period - Off-side.
10:36 of 3rd period - Evgeni Malkin wins face-off versus Nicklas Backstrom in neutral zone.
12:09 of 3rd period - Penalty to Vladimir Mihalik is over, Vladimir Mihalik is back on ice.
12:43 of 3rd period - Wrist shot by Brenden Morrow.
12:43 of 3rd period - Shot Blocked by Patrick Kaleta.
12:45 of 3rd period - Slapshot by Cody Franson.
12:45 of 3rd period - Shot Blocked by Alex Pietrangelo.
12:47 of 3rd period - Slapshot by Cody Franson.
12:47 of 3rd period - Shot Misses the Net.
13:03 of 3rd period - Slapshot by Vladimir Mihalik.
13:03 of 3rd period - Stopped by Carey Price with a rebound.
13:05 of 3rd period - Wrist shot by Carlo Colaiacovo.
13:05 of 3rd period - Shot Misses the Net.
13:07 of 3rd period - Slapshot by Cody Franson.
13:07 of 3rd period - Deflect By Patrick Kaleta.
13:07 of 3rd period - Stopped by Carey Price without a rebound.
13:08 of 3rd period - Evgeni Malkin wins face-off versus Nicklas Backstrom in Blues zone.
13:11 of 3rd period - Snap shot by Thomas Vanek.
13:11 of 3rd period - Stopped by Carey Price with a rebound.
13:31 of 3rd period - Minor Penalty to Colby Armstrong for Delaying the game.
13:32 of 3rd period - Evgeni Malkin wins face-off versus Nicklas Backstrom in Senateurs zone.
13:49 of 3rd period - Snap shot by Nicklas Backstrom.
13:49 of 3rd period - Shot Misses the Net.
14:07 of 3rd period - Slapshot by Bryce Lampman.
14:07 of 3rd period - Goal by Bryce Lampman - Blues : 4 - Senateurs : 2.
14:08 of 3rd period - Nicklas Backstrom wins face-off versus Evgeni Malkin in neutral zone.
14:11 of 3rd period - Colby Armstrong is hit by David Perron and loses puck.
14:46 of 3rd period - Icing by David Perron.
14:47 of 3rd period - Nicklas Backstrom wins face-off versus Colby Armstrong in Blues zone.
14:47 of 3rd period - Nicklas Backstrom is hit by Evgeni Malkin.
14:55 of 3rd period - Snap shot by Thomas Vanek.
14:55 of 3rd period - Stopped by Carey Price without a rebound.
14:56 of 3rd period - Travis Zajac wins face-off versus Evgeni Malkin in Blues zone.
15:17 of 3rd period - Wrist shot by Evgeni Malkin.
15:17 of 3rd period - Shot Misses the Net.
15:19 of 3rd period - Wrist shot by Thomas Vanek.
15:19 of 3rd period - Stopped by Carey Price with a rebound.
15:21 of 3rd period - Wrist shot by Karl Alzner.
15:21 of 3rd period - Deflect By Thomas Vanek.
15:21 of 3rd period - Shot Blocked by Yann Sauvé.
15:21 of 3rd period - Puck is out of play.
15:22 of 3rd period - Cody Hodgson wins face-off versus Logan Couture in Blues zone.
15:29 of 3rd period - Wrist shot by Sergei Kostitsyn.
15:29 of 3rd period - Stopped by Carey Price with a rebound.
16:09 of 3rd period - Snap shot by Ted Purcell.
16:09 of 3rd period - Stopped by Ondrej Pavelec without a rebound.
16:10 of 3rd period - Evgeni Malkin wins face-off versus Travis Zajac in Senateurs zone.
16:23 of 3rd period - Minor Penalty to Sergei Shirokov for Hooking.
16:24 of 3rd period - Evgeni Malkin wins face-off versus Logan Couture in Blues zone.
16:36 of 3rd period - Snap shot by Thomas Vanek.
16:36 of 3rd period - Goal by Thomas Vanek - Blues : 4 - Senateurs : 3.
16:37 of 3rd period - Logan Couture wins face-off versus Cody Hodgson in neutral zone.
16:39 of 3rd period - Off-side.
16:40 of 3rd period - Logan Couture wins face-off versus Cody Hodgson in neutral zone.
17:23 of 3rd period - Minor Penalty to Evgeni Malkin for Slashing.
17:24 of 3rd period - Filip Forsberg wins face-off versus Brandon Dubinsky in Senateurs zone.
17:35 of 3rd period - Slapshot by Alex Pietrangelo.
17:35 of 3rd period - Shot Misses the Net.
17:37 of 3rd period - Snap shot by Bobby Ryan.
17:37 of 3rd period - Shot Blocked by Brandon Dubinsky.
17:39 of 3rd period - Snap shot by Jake Gardiner.
17:39 of 3rd period - Stopped by Ondrej Pavelec without a rebound.
17:40 of 3rd period - Brandon Dubinsky wins face-off versus Nicklas Backstrom in Senateurs zone.
18:05 of 3rd period - Thomas Vanek is hit by Sergei Shirokov and loses puck.
18:17 of 3rd period - Icing by Bryce Lampman.
18:18 of 3rd period - Travis Zajac wins face-off versus Daniel Briere in Blues zone.
18:22 of 3rd period - Off-side.
18:23 of 3rd period - Daniel Briere wins face-off versus Nicklas Backstrom in neutral zone.
18:28 of 3rd period - Slapshot by Cody Franson.
18:28 of 3rd period - Stopped by Carey Price without a rebound.
18:29 of 3rd period - Thomas Vanek wins face-off versus Nicklas Backstrom in Blues zone.
19:23 of 3rd period - Penalty to Evgeni Malkin is over, Evgeni Malkin is back on ice.
19:32 of 3rd period - Snap shot by Travis Zajac.
19:32 of 3rd period - Stopped by Ondrej Pavelec with a rebound.
19:38 of 3rd period - Senateurs, Ondrej Pavelec is pulled from the net.
Goals for this period are 1 for Blues vs 1 for Senateurs.
Shots for this period are 9 for Blues vs 11 for Senateurs.